Map: Catalyst LE

Players

JackO

  • Race: Protoss Protoss
  • Spawn Location: 5:00

puCK (Nina) - Winner!

  • Race: Protoss Protoss
  • Spawn Location: 11:00

Event: IEM Season 12 - Katowice

VOD

Have the link to the VOD?

Description

Time

  • Played on: Feb. 26, 2018, 4:59 a.m.
  • Length: 11:17

All games in this series

Show
View Real Time Build Order
Export as new Build Order

JackO Protoss 

Build Orders: Archon Immortal, Zealot Archon, Dark Templar Rush 

Get SALT Encoding   

  12  0:00  Probe  
  13  0:12  Probe  
  14  0:17  Pylon  
  14  0:25  Probe (Chrono Boost)  
  15  0:36  Gateway  
  15  0:38  Probe (Chrono Boost)  
  16  0:46  Probe (Chrono Boost)  
  16  0:47  Assimilator  
  17  0:53  Assimilator  
  17  0:55  Probe (Chrono Boost)  
  18  1:07  Probe (Chrono Boost)  
  18  1:08  Gateway  
  19  1:12  Probe (Chrono Boost)  
  20  1:21  Probe  
  21  1:27  Cybernetics Core  
  21  1:33  Probe  
  22  1:40  Pylon  
  22  1:45  Probe  
  23  1:58  Probe  
  24  2:04  Warp Gate, Sentry, Stalker  
  28  2:15  Pylon  
  28  2:24  Pylon  
  28  2:29  Twilight Council  
  28  2:35  Stalker  
  30  2:51  Pylon  
  30  3:09  Dark Shrine  
  30  3:18  Nexus  
  30  3:23  Resonating Glaives  
  31  3:27  Probe  
  31  3:35  Shield Battery  
  31  3:39  Probe  
  32  3:51  Probe  
  33  3:58  Robotics Facility  
  33  4:03  Probe  
  34  4:12  Pylon, Shield Battery  
  35  4:23  Dark Templar  
  37  4:25  Dark Templar  
  37  4:27  Probe (Chrono Boost)  
  37  4:30  Probe (Chrono Boost)  
  41  4:39  Probe (Chrono Boost)  
  41  4:40  Probe (Chrono Boost)  
  41  4:43  Probe (Chrono Boost)  
  44  4:45  Observer (Chrono Boost)  
  44  4:48  Probe  
  45  4:53  Probe  
  45  4:55  Pylon  
  46  5:01  Probe  
  47  5:08  Probe, Immortal (Chrono Boost)  
  47  5:12  Dark Templar  
  47  5:13  Probe  
  55  5:23  Probe  
  55  5:27  Adept  
  56  5:39  Immortal (Chrono Boost)  
  56  5:40  Gateway  
  56  5:41  Gateway  
  60  5:43  Gateway  
  60  5:46  Assimilator  
  60  5:52  Gateway  
  60  5:54  Dark Templar  
  62  5:58  Archon  
  62  6:06  Pylon  
  62  6:09  Adept  
  64  6:11  Probe x2  
  66  6:18  Gateway  
  66  6:30  Adept, Dark Templar, Warp Prism (Chrono Boost)  
  72  6:40  Pylon  
  72  6:45  Stalker x2  
  76  6:49  Stalker  
  78  6:57  Pylon  
  78  6:59  Pylon  
  78  7:02  Adept x2, Archon  
  82  7:28  Adept  
  82  7:29  Adept x6  
  96  7:34  Pylon x2  
  96  7:35  Pylon  
  96  7:54  Adept x7  
  74  8:17  Charge (Chrono Boost)  
  64  8:21  Immortal (Chrono Boost)  
  67  8:27  Probe  
  67  8:28  Probe  
  67  8:30  Zealot x6, Assimilator  
  81  8:40  Probe, Templar Archives  
  82  8:48  Forge  
  82  8:57  Immortal (Chrono Boost)  
  78  9:08  Adept x2  
  78  9:09  Adept  
  84  9:11  Dark Templar x2  
  88  9:17  Archon  
  88  9:28  Immortal (Chrono Boost)  
  83  9:51  High Templar x2  
  83  9:52  Zealot x5  
  97  9:56  Archon  
  97  9:59  Immortal (Chrono Boost)  
  101  10:20  Zealot x4  
  103  10:44  Dark Templar x3  
  103  10:45  Zealot  
  103  10:46  Zealot  
  82  10:57  Dark Templar  
Show
View Real Time Build Order
Export as new Build Order

puCK Protoss - Winner!

Build Orders: Phoenix Opening 

Get SALT Encoding   

  12  0:00  Probe  
  13  0:13  Probe  
  14  0:17  Pylon  
  14  0:25  Probe (Chrono Boost)  
  15  0:37  Probe (Chrono Boost)  
  15  0:38  Gateway  
  16  0:45  Probe (Chrono Boost)  
  17  0:50  Assimilator  
  17  0:51  Probe (Chrono Boost)  
  17  0:55  Assimilator  
  18  1:03  Probe (Chrono Boost)  
  19  1:09  Gateway  
  19  1:12  Probe (Chrono Boost)  
  19  1:18  Probe  
  21  1:26  Cybernetics Core  
  21  1:30  Probe  
  22  1:36  Pylon  
  22  1:43  Probe  
  23  1:57  Probe  
  23  2:00  Warp Gate (Chrono Boost)  
  24  2:03  Sentry, Stalker  
  28  2:09  Pylon  
  28  2:29  Sentry  
  30  2:31  Probe  
  30  2:33  Stalker  
  33  2:54  Probe  
  34  2:59  Nexus  
  34  3:05  Sentry, Stalker  
  38  3:10  Pylon  
  38  3:12  Probe  
  39  3:19  Phoenix  
  39  3:25  Robotics Facility  
  39  3:29  Probe  
  40  3:41  Probe  
  41  3:44  Shield Battery  
  41  3:51  Shield Battery  
  41  3:53  Probe  
  42  4:03  Sentry  
  42  4:04  Sentry  
  42  4:05  Probe  
  42  4:08  Pylon  
  47  4:13  Probe, Observer (Chrono Boost)  
  49  4:17  Probe  
  50  4:25  Probe  
  50  4:28  Warp Prism (Chrono Boost)  
  50  4:29  Probe  
  54  4:33  Stalker  
  56  4:39  Stalker  
  56  4:41  Probe  
  56  4:44  Probe  
  60  4:50  Pylon  
  60  4:53  Probe  
  61  5:04  Observer (Chrono Boost)  
  62  5:13  Probe  
  63  5:14  Stalker x2  
  63  5:16  Probe  
  66  5:22  Immortal (Chrono Boost)  
  66  5:25  Probe  
  71  5:28  Probe  
  72  5:36  Pylon  
  72  5:37  Probe, Adept x2  
  72  5:41  Probe  
  78  5:43  Pylon  
  78  5:45  Forge  
  78  5:49  Assimilator  
  78  5:51  Assimilator  
  78  5:53  Immortal (Chrono Boost)  
  82  6:01  Adept x2  
  86  6:04  Probe  
  86  6:06  Probe  
  86  6:11  Pylon  
  86  6:26  Robotics Bay  
  86  6:32  Protoss Ground Weapons Level 1  
  86  6:36  Gateway x2  
  86  6:48  Shield Battery x2  
  86  6:57  Immortal (Chrono Boost)  
  90  7:01  Zealot x2  
  90  7:05  Gateway  
  94  7:10  Twilight Council  
  92  7:18  Photon Cannon  
  92  7:23  Disruptor (Chrono Boost)  
  92  7:28  Pylon  
  95  7:32  Pylon, Zealot x2  
  99  7:39  Pylon  
  99  7:40  Pylon  
  99  7:46  Zealot  
  99  7:47  Zealot  
  106  7:51  Disruptor (Chrono Boost)  
  106  7:55  Adept  
  94  8:09  Zealot x3  
  92  8:19  Probe  
  89  8:31  Nexus  
  89  8:35  Charge  
  89  8:36  Templar Archives  
  89  8:37  Probe  
  89  8:41  Photon Cannon  
  90  8:42  Gravitic Drive  
  90  8:43  Protoss Ground Weapons Level 2 (Chrono Boost)  
  90  9:04  Pylon, Disruptor (Chrono Boost)  
  90  9:06  Pylon  
  93  9:15  High Templar x2  
  97  9:20  High Templar  
  97  9:21  Archon, High Templar  
  97  9:22  Zealot  
  103  9:28  Archon, Gateway  
  103  9:30  Gateway  
  103  9:31  Photon Cannon  
  103  9:37  Disruptor  
  106  9:44  Zealot  
  105  9:45  Probe  
  105  9:46  Probe  
  107  9:53  Probe  
  107  9:58  Probe  
  109  10:00  Probe  
  109  10:01  High Templar  
  109  10:02  High Templar  
  109  10:06  Archon  
  114  10:08  Photon Cannon  
  114  10:18  Gateway  
  113  10:37  Zealot x3  
  113  10:38  Zealot x4  
  127  10:46  Pylon  
  123  11:02  Zealot  
  123  11:03  Zealot x3  

Tags
 
Add a new tag
Caveats
  • Supply blocks, unpowered buildings, or Contaminate may cause inaccurate times.
  • Supply counts are checked every 10 seconds.